 Dungeon Crawl Stone Soup version 0.19-a0-1365-gb34f4cb (webtiles) character file.

179 Amnesiac the Grave Robber (level 5, 0/42 HPs)
             Began as a Deep Elf Necromancer on Sept 3, 2016.
             Succumbed to a water moccasin's poison
             ... on level 4 of the Dungeon.
             The game lasted 00:01:55 (704 turns).

Amnesiac the Grave Robber (Deep Elf Necromancer)     Turns: 704, Time: 00:01:55

Health: 0/42       AC: 22    Str:  5    XL:     5   Next: 32%
Magic:  0/13       EV:  2    Int: 20    God:
Gold:   17         SH:  0    Dex: 16    Spells: 2 memorised, 9 levels left

rFire  . . .     SeeInvis .     (no weapon)
rCold  . . .     Gourm    .     (armour currently unavailable)
rNeg   + + +     Faith    .     (no shield)
rPois  +         Spirit   .     (helmet currently unavailable)
rElec  .         Dismiss  .     (cloak currently unavailable)
rCorr  .         Reflect  .     (gloves currently unavailable)
MR     .....     Harm     .     (boots currently unavailable)
Stlth  +++....... NoTele   +    (no amulet)
                                (no ring)
                                (no ring)

@: lethally poisoned (0 -> -5), tree-form
A: no striking features
a: no special abilities


You were on level 4 of the Dungeon.
You were not hungry.
You were a tree.
You visited 1 branch of the dungeon, and saw 4 of its levels.

You collected 17 gold pieces.

Inventory:

Armour
 a - a +0 robe (melded)
 j - a +0 pair of gloves (melded)
 l - a +0 cloak (melded)
Scrolls
 d - a scroll of blinking {unknown}
 e - a scroll of magic mapping {unknown}
 i - a scroll of recharging {unknown}
 n - a scroll of enchant weapon {unknown}
Potions
 f - a potion of agility
Books
 b - a book of Necromancy

   Spells                             Type                      Level
   a - Pain                           Necromancy                   1
   b - Animate Skeleton               Necromancy                   1
   c - Vampiric Draining              Necromancy                   3
   d - Regeneration                   Charms/Necromancy            3
   e - Animate Dead                   Necromancy                   4
   f - Control Undead                 Necromancy                   4
Comestibles
 c - 2 bread rations
 m - a chunk of flesh


   Skills:
 - Level 2.4 Dodging
 - Level 2.4 Stealth
 + Level 4.6 Spellcasting
 * Level 7.3 Necromancy


You had 9 spell levels left.
You knew the following spells:

 Your Spells              Type           Power        Failure   Level  Hunger
f - Vampiric Draining     Necr           ####......   1%          3    ##.....
z - Pain                  Necr           ####         1%          1    None


Dungeon Overview and Level Annotations

Branches:
Dungeon (4/15)
 Temple: D:4-7

Altars:
Ru


Message History

You feel sick.
Unknown command.
It was a potion of agility.
You feel agile all of a sudden.
* * * LOW HITPOINT WARNING * * *
You feel sick.
It was a potion of cancellation.
Your magical effects are unravelling.
You feel magically purged.
You feel a little less agile now.
* * * LOW HITPOINT WARNING * * *
You feel sick.
It was a potion of flight.
You feel very buoyant.
You fly up into the air.
It was a potion of lignification.
You turn into a tree.
Your +0 cloak melds into your body.
Your +0 pair of gloves melds into your body.
Your +0 robe melds into your body.
Your roots penetrate the ground.
You die...

#...# #...# #†#
#.# ####### #.##
#.....# #..#
#.###.#######
##.###...<........
#..######..#..###
##....)♣.........
#....P...#####..
#..####### . #..#
#..# #..# #...
#... #..P#


There were no monsters in sight!

Vanquished Creatures
  A water moccasin (D:4)
  An iguana (D:4)
  4 adders (D:3)
  An orc (D:4)
  2 giant cockroaches (D:3)
  A goblin (D:1)
  A hobgoblin (D:3)
  A quokka (D:3)
  A ball python (D:1)
  A giant newt (D:3)
  3 rats (D:3)
17 creatures vanquished.

Notes
Turn   | Place    | Note
-------+----------+-------------------------------------------
     0 | D:1      | Amnesiac the Deep Elf Necromancer began the quest for the Orb.
     0 | D:1      | Reached XP level 1. HP: 10/10 MP: 6/6
   117 | D:1      | Reached skill level 5 in Necromancy
   271 | D:3      | Reached XP level 2. HP: 12/15 MP: 4/8
   354 | D:4      | Noticed an ogre
   354 | D:4      | Reached skill level 6 in Necromancy
   354 | D:4      | Reached XP level 3. HP: 13/19 MP: 5/10
   361 | D:3      | Learned a level 3 spell: Vampiric Draining
   508 | D:3      | Found a sacrificial altar of Ru.
   617 | D:3      | Reached XP level 4. HP: 20/24 MP: 8/11
   683 | D:4      | Noticed a water moccasin
   690 | D:4      | Killed a water moccasin
   690 | D:4      | Reached skill level 7 in Necromancy
   690 | D:4      | Reached XP level 5. HP: 10/28 MP: 1/13
   699 | D:4      | HP: 1/28 [poisoned by a water moccasin]
   704 | D:4      | Succumbed to a water moccasin's poison

Vault maps used:
D:1:      dpeg_arrival_water_fire
D:2:      makhleb_heckhound_becter, first_bread, serial_glass, glass_columns_b,
          glass_columns_a
D:3:      old_standard_altar, nicolae_overflow_crystal_walls, ecumenical_altar_2
D:4:      corexii_shack_village

Skill      XL: |  1  2  3  4 |
---------------+-------------+-----
Necromancy     | 5 6 7 |  7.3
Spellcasting   | 4 |  4.6
Dodging        | |  2.4
Stealth        | |  2.4

Action                   |  1- 3 |  4- 6 || total
-------------------------+-------+-------++-------
 Cast: Pain              |    22 |     7 ||    29
       Vampiric Draining |     2 |     3 ||     5
  Use: Potion            |       |     4 ||     4
Dodge: Dodged            |       |     1 ||     1
